 Dungeon Crawl Stone Soup version 0.27.1-33-g824d729ab1 (webtiles) character file.

Game seed: 14961053700477368467

1726 pkoi the Martial Artist (level 8, -16/63 HPs)
             Began as a Pale Draconian Monk on Dec 30, 2021.
             Was a Priest of Elyvilon.
             Shot with a bolt by an orc warrior (25 damage)
             ... in a bailey.
             The game lasted 00:09:41 (7648 turns).

pkoi the Martial Artist (Pale Draconian Monk)       Turns: 7648, Time: 00:09:42

Health: -16/63     AC:  8    Str: 13    XL:     8   Next: 75%
Magic:  12/12      EV: 17    Int: 12    God:    Elyvilon [***...]
Gold:   403        SH:  0    Dex: 21    Spells: 9/13 levels left

rFire    + . .     SeeInvis .     - Unarmed
rCold    + . .     Faith    .   (no shield)
rNeg     . . .     Spirit   .   (armour unavailable)
rPois    .         Reflect  .   x - +2 hat
rElec    .         Harm     .   s - scarf {rC+ rF+}
rCorr    .         Rampage  .   (no gloves)
Will     .....                  (no boots)
Stlth    ++........             (no amulet)
HPRegen  0.20/turn              h - +4 ring of evasion
MPRegen  0.13/turn              q - +6 ring of dexterity

@: short of breath
A: breathe steam, AC +6, unfitting armour, cold-blooded, steam resistance
a: Breathe Steam, Renounce Religion, Lesser Healing, Heal Other, Purification,
Divine Protection


You were in a bailey.
You worshipped Elyvilon.
Elyvilon was most pleased with you.
You visited 1 branch of the dungeon, and saw 8 of its levels.
You also visited: Bailey.

You collected 403 gold pieces.

Inventory:

Hand Weapons
 g - a +2 dagger of protection
 G - a +4 spear
Missiles
 k - 30 poisoned darts (quivered)
 A - 3 atropa-tipped darts
Armour
 s - a scarf of resistance (worn)
 x - a +2 hat (worn)
Jewellery
 b - a ring of ice
 h - a +4 ring of evasion (left hand)
 n - a ring of protection from cold
 q - a +6 ring of dexterity (right hand)
 w - a ring of poison resistance
 y - a ring of fire
 B - a +4 ring of evasion
 F - a ring of protection from fire
Wands
 z - a wand of flame (12)
 C - a wand of iceblast (5)
 D - a wand of mindburst (11)
Scrolls
 c - 10 scrolls of identify {unknown}
 d - a scroll of immolation
 e - 5 scrolls of amnesia {unknown}
 j - 2 scrolls of blinking
 m - a scroll of fog {unknown}
 p - a scroll of acquirement {unknown}
 t - a scroll of magic mapping {unknown}
 u - 3 scrolls of enchant weapon {unknown}
 v - a scroll of vulnerability {unknown}
Potions
 a - 3 potions of curing
 f - a potion of berserk rage {unknown}
 i - a potion of heal wounds {unknown}
 l - a potion of lignification {unknown}
 o - 2 potions of brilliance {unknown}
 r - 3 potions of attraction {unknown}
 E - a potion of degeneration {unknown}


   Skills:
 - Level 3.2 Fighting
 - Level 2.6 Dodging
 - Level 1.7 Stealth
 * Level 8.5 Unarmed Combat
 - Level 3.0 Spellcasting
 + Level 5.0 Summonings
 + Level 5.2 Invocations


You had 9 spell levels left.
You knew the following spells:

 Your Spells              Type           Power      Damage    Failure   Level
a - Summon Small Mammal   Summ           52%        N/A       3%          1
b - Call Canine Familiar  Summ           13%        N/A       10%         3

Your spell library contained the following spells:

 Spells                   Type           Power      Damage    Failure   Level
 Foxfire                  Conj/Fire      4%         2x1d4     24%         1
 Summon Guardian Golem    Hex/Summ       7%         N/A       26%         3
 Slow                     Hex            1%         N/A       36%         2
 Confusing Touch          Hex            1%         N/A       58%         3
 Conjure Flame            Conj/Fire      1%         6-21      58%         3
 Inner Flame              Hex/Fire       1%         N/A       58%         3
 Ozocubu's Armour         Ice            1%         N/A       58%         3
 Cause Fear               Hex            0%         N/A       94%         4
 Metabolic Englaciation   Hex/Ice        0%         N/A       100%        5
 Yara's Violent Unravell  Hex/Tmut       0%         3d3       100%        5
 Simulacrum               Ice/Necr       0%         N/A       100%        6
 Dragon Form              Tmut           0%         N/A       100%        7
 Dragon's Call            Summ           6%         N/A       100%        9


Dungeon Overview and Level Annotations

Branches:
Dungeon (8/15)             Bailey (1/1)
 Temple: D:4-7         Lair: D:8-11

Altars:
Elyvilon
Hepliaklqana
Kikubaaqudgha
Makhleb
Nemelex Xobeh
Trog
Wu Jian

Shops:
D:5 =

Annotations:
D:4 3 runed translucent doors, KittyFluff's ghost, amateur GrBe


Innate Abilities, Weirdness & Mutations

You can breathe blasts of scalding, opaque steam.
Your pale cyan-grey scales are hard. (AC +6)
You cannot fit into any form of body armour.
You are cold-blooded and may be slowed by cold attacks.
You are immune to the effects of steam.


Message History

There is a gate leading back out of this place here.
You start resting.
HP restored.
There is a gate leading back out of this place here.
You start waiting.
You have got your breath back.
An orc comes into view. It is wielding a +0 arbalest.
The orc shoots a bolt.
The bolt closely misses you.
Press: ? - help, Shift-Dir - straight line, f - orc
Aim: an orc, wielding a +0 arbalest, wearing a +0 scale mail and quivering bolts You exhale a blast of scalding steam.
You feel a bit more experienced.
Unknown command.
There is a gate leading back out of this place here.
You start waiting.
You have got your breath back.
Found a gate leading back out of this place.
Why would you want to do that?
An orc warrior comes into view. It is wielding a +0 arbalest.
The orc warrior shouts!
The orc warrior shoots a bolt.
The bolt barely misses you.
Press: ? - help, Shift-Dir - straight line, f - you Really target yourself?
Okay, then.
An orc warrior comes into view. It is wielding a +0 arbalest.
The orc warrior shoots a bolt.
The bolt hits you!
The orc warrior shouts!
You hear a shout!
The orc warrior shoots a bolt.
The bolt completely misses you.
The orc warrior shoots a bolt.
The bolt hits you!!
* * * LOW HITPOINT WARNING * * *
Press: ? - help, Shift-Dir - straight line, f - orc warrior
Aim: an orc warrior, wielding a +0 arbalest, wearing a +0 scale mail and quivering bolts You exhale a blast of scalding steam.
The orc warrior shoots a bolt.
The bolt hits you!
* * * LOW HITPOINT WARNING * * *
Unknown command.
The orc warrior shoots a bolt.
The bolt barely misses you.
The orc warrior is engulfed in a cloud of scalding steam.
The orc warrior shoots a bolt.
The bolt hits you!!
You die...

.....................#
.....................#
.........≈≈≈≈≈.......#
........≈≈#)#≈≈......#
........≈##.##≈......#
........≈..^).≈......#
........≈#∩.##≈......#
##......≈.#.#≈≈......#
####...@≈≈≈≈≈...
##....§§§o§§.
##..........
#..........
##......... #.........
#......... #.o.......
#.........


You could see 2 orc warriors.

Vanquished Creatures
  A steam dragon (D:7)
  Duvessa (D:5)
  A necrophage (D:4)
  A centaur (D:6)
  2 phantoms (D:5)
  A bullfrog (D:6)
  4 scorpions
  A water moccasin zombie (D:5)
  A water moccasin skeleton (D:6)
  Dowan (D:5)
  5 killer bees (D:7)
  2 hounds (D:6)
  2 orc priests
  3 iguanas
  Natasha (thrice) (D:2)
  2 orc wizards
  5 adders
  7 gnolls
  A white imp (D:6)
  An ufetubus (D:4)
  An adder skeleton (D:4)
  2 worms (D:3)
  21 orcs
  8 ball pythons
  4 bats
  7 endoplasms
  4 giant cockroaches
  4 hobgoblins
  4 jackals (D:5)
  2 quokkas (D:1)
  2 frilled lizards (D:1)
  5 goblins
  4 kobolds
  2 rats
  A spectral orc (D:5)
116 creatures vanquished.

Notes
Turn   | Place    | Note
-------+----------+-------------------------------------------
     0 | D:1      | pkoi the Draconian Monk began the quest for the Orb.
     0 | D:1      | Reached XP level 1. HP: 19/19 MP: 1/1
   229 | D:1      | Reached XP level 2. HP: 21/26 MP: 2/2
   727 | D:1      | Reached skill level 4 in Unarmed Combat
   909 | D:1      | Learned a level 1 spell: Summon Small Mammal
  1058 | D:2      | Found a faded altar of an unknown god.
  1094 | D:2      | Found an ancient bone altar of Kikubaaqudgha.
  1254 | D:2      | Reached XP level 3. HP: 31/31 MP: 3/3
  1471 | D:2      | Noticed Natasha
  1491 | D:2      | Killed Natasha
  1745 | D:2      | Reached skill level 1 in Summonings
  1894 | D:3      | Found a white marble altar of Elyvilon.
  2120 | D:3      | Found a burning altar of Makhleb.
  2120 | D:3      | Found a sparkling altar of Nemelex Xobeh.
  2238 | D:3      | Reached skill level 1 in Spellcasting
  2238 | D:3      | Reached XP level 4. HP: 27/38 MP: 5/5
  2433 | D:3      | Became a worshipper of Elyvilon the Healer
  2433 | D:3      | Reached * piety under Elyvilon
  2433 | D:3      | Reached ** piety under Elyvilon
  2866 | D:4      | Noticed a scorpion
  2870 | D:4      | Killed a scorpion
  2871 | D:4      | Reached skill level 1 in Invocations
  2871 | D:4      | Reached XP level 5. HP: 45/45 MP: 4/7
  2990 | D:4      | Found a runed translucent gate.
  3094 | D:4      | Reached skill level 5 in Unarmed Combat
  3308 | D:4      | Noticed a necrophage
  3322 | D:4      | Killed a necrophage
  3389 | D:4      | Found a bloodstained altar of Trog.
  3498 | D:4      | Reached XP level 6. HP: 30/51 MP: 8/8
  3625 | D:4      | Learned a level 3 spell: Call Canine Familiar
  3983 | D:4      | Found a runed translucent gate.
  3983 | D:4      | Found a runed translucent gate.
  3983 | D:4      | Noticed KittyFluff's ghost (amateur GrBe)
  4033 | D:5      | Entered Level 5 of the Dungeon
  4089 | D:5      | Noticed Dowan
  4103 | D:5      | Killed Dowan
  4932 | D:5      | Noticed Duvessa
  4942 | D:5      | Killed Duvessa
  4943 | D:5      | Reached skill level 6 in Unarmed Combat
  4943 | D:5      | Your scales start taking on a pale cyan-grey colour.
  4943 | D:5      | Reached XP level 7. HP: 57/57 MP: 10/10
  4943 | D:5      | Gained mutation: You are immune to the effects of steam.
                  | [Pale Draconian growth]
  4999 | D:5      | Found Kokhleada's Jewellery Shop.
  5132 | D:5      | Found a hazy altar of Hepliaklqana.
  5723 | D:5      | Reached *** piety under Elyvilon
  5905 | D:6      | Reached skill level 7 in Unarmed Combat
  6301 | D:2      | Noticed Natasha
  6306 | D:2      | Killed Natasha
  6351 | D:2      | Reached XP level 8. HP: 63/63 MP: 12/12
  6501 | D:2      | Noticed Natasha
  6508 | D:2      | Killed Natasha
  7076 | D:6      | Found an ornate altar of the Wu Jian Council.
  7183 | D:7      | Reached skill level 8 in Unarmed Combat
  7196 | D:7      | Reached skill level 5 in Invocations
  7561 | D:7      | You fall into a shaft and drop 1 floor!
  7579 | D:8      | Found a flagged portal.
  7584 | D:8      | Reached skill level 5 in Summonings
  7597 | Bailey   | Entered a bailey
  7648 | Bailey   | Shot with a bolt by an orc warrior

Illustrated notes

Levels and vault maps discovered:
D:1:      minmay_arrival_arboretum_small, layout_basic, minmay_misc_feat_x,
          ebering_dispersal_statue_hall, nrook_mini_backslash
D:2:      layout_basic, basic_altar, hellmonk_ecumenical_altar_inner_sanctum,
          serial_glass, glass_columns_a, glass_columns_a, glass_columns_b,
          glass_columns_c, uniq_natasha
D:3:      layout_rooms, elyvilon_altar_5, gammafunk_temple_overflow_statue
D:4:      layout_loops_ring, mainiacjoe_overflow_cross_hatched,
          gammafunk_ghost_necromancy
D:5:      layout_loops_cross, nicolae_hepliaklqana_monster_ancestors,
          serial_shops, nicolae_stop_n_shop_2, uniq_duvessa
D:6:      layout_rooms, nzn_wu_jian_council_hall
D:7:      layout_basic, okawaru_gym_becter, minmay_temple_entry_offerings
D:8:      layout_cave_pods, lemuel_tele_altar, overflow_temple_1_default,
          amcnicky_altar_gilded, enter_bailey_4, uniq_pikel
Bailey:   bailey_polearm_2, bailey

Skill      XL: |  1  2  3  4  5  6  7  8 |
---------------+-------------------------+-----
Unarmed Combat | 4 5 6 7 8 |  8.5
Summonings     | 1 2 3 5 |  5.0
Spellcasting   | 1 2 3 |  3.0
Invocations    | 1 2 3 5 |  5.2
Fighting       | |  3.2
Dodging        | |  2.6
Stealth        | |  1.7

Action                   |  1- 3 |  4- 6 |  7- 9 || total
-------------------------+-------+-------+-------++-------
Melee: Unarmed           |   107 |   124 |   166 ||   397
       Tailslap          |    17 |    20 |    27 ||    64
       Punch             |     3 |     4 |     7 ||    14
Throw: Dart              |       |    38 |    16 ||    54
 Cast: Summon Small Mamm |       |     5 |       ||     5
 Abil: Breathe Steam     |       |       |    14 ||    14
  Use: Scroll            |       |     2 |       ||     2
       Potion            |       |     1 |       ||     1
 Stab: Sleeping          |     5 |     1 |       ||     6
       Distracted        |       |       |     1 ||     1
Armor: Skin              |    37 |    14 |    40 ||    91
Dodge: Dodged            |    66 |    77 |   135 ||   278
